 Dungeon Crawl Stone Soup version 0.29-a0-555-g3b24f45cc1 (webtiles) character file.

Game seed: 11916142486065375867

28 oldriver the Vexing (level 3, 0/18 HPs)
             Began as a Vine Stalker Arcane Marksman on June 7, 2022.
             Succumbed to an adder's poison
             ... on level 3 of the Dungeon.
             The game lasted 00:02:55 (1535 turns).

oldriver the Vexing (Vine Stalker Arcane Marksman)  Turns: 1535, Time: 00:02:56

Health: 0/18       AC:  4    Str: 12    XL:     3   Next: 12%
Magic:  2/5        EV: 12    Int: 15    God:
Gold:   39         SH:  0    Dex: 14    Spells: 3/4 levels left

rFire   . . .      SeeInvis .   a - +0 shortbow
rCold   . . .      Faith    .   (shield currently unavailable)
rNeg    . . .      Spirit   +   b - +0 robe
rPois   .          Reflect  .   (no helmet)
rElec   .          Harm     .   (no cloak)
rCorr   .          Rampage  .   (no gloves)
Will    .....                   g - +1 pair of boots
Stlth   ++........              (no amulet)
HPRegen 0.06/turn               (no ring)
MPRegen 0.09/turn               (no ring)

@: lethally poisoned (0 -> -4)
A: fangs 2, magic shield, antimagic bite, no potion heal 2
a: no special abilities


You were on level 3 of the Dungeon.
You visited 1 branch of the dungeon, and saw 3 of its levels.

You collected 39 gold pieces.

Inventory:

Hand Weapons
 a - a +0 shortbow (weapon)
Armour
 b - a +0 robe (worn)
 g - a +1 pair of boots (worn)
Jewellery
 j - a ring of see invisible
Scrolls
 c - a scroll of vulnerability
 e - a scroll of teleportation {unknown}
 i - a scroll of amnesia {unknown}
Potions
 k - a potion of attraction


   Skills:
 + Level 1.4 Fighting
 * Level 2.6 Bows
 - Level 1.5 Dodging
 + Level 1.5 Stealth
 - Level 1.1 Spellcasting
 - Level 3.0 Hexes


You had 3 spell levels left.
You knew the following spells:

 Your Spells              Type           Power      Damage    Failure   Level
a - Slow                  Hex            36%        N/A       7%          1

Your spell library contained the following spells:

 Spells                   Type           Power      Damage    Failure   Level
 Inner Flame              Hex/Fire       5%         N/A       36%         3
 Portal Projectile        Hex/Tloc       10%        N/A       36%         3
 Cause Fear               Hex            4%         N/A       56%         4


Dungeon Overview and Level Annotations

Branches:
Dungeon (3/15)

Altars:


Innate Abilities, Weirdness & Mutations

You have extremely sharp teeth.
When hurt, damage is shared between your health and your magic reserves.
Your bite disrupts and absorbs the magic of your enemies.
Potions cannot restore your health.


Message History

The adder bites you but does no damage.
You are too injured to fight recklessly!
You are too injured to fight recklessly!
You are too injured to fight recklessly!
Shoot: a) +0 shortbow
Press: ? - help, Q - select action, (/) - cycle Shift-Dir - straight line, f/p - adder
Aim: an adder (lightly wounded, 40% to hit)
You shoot an arrow. The arrow hits the adder.
The adder is moderately wounded.
* * * LOW HITPOINT WARNING * * *
You feel very sick. The adder bites you but does no damage.
The rat bites you but does no damage. The adder bites you.
* * * LOW HITPOINT WARNING * * *
Okay, then.
Blink to where?
Press: ? - help, Dir - move target, f - you, p - adder Are you sure you want to cancel this blink? [Y]es or [N]o only, please.
Are you sure you want to cancel this blink?
Blink to where?
Press: ? - help, Dir - move target An endoplasm comes into view.
Found a scroll labelled ANIH TAREGIERI and a hunting sling.
As you read the scroll labelled ANIH TAREGIERI, it crumbles to dust.
It was a scroll of blinking.
* * * LOW HITPOINT WARNING * * *
You feel sick.
As you read the scroll labelled VEMOPS URUSYMPEO, it crumbles to dust.
It is a scroll of identify.
k - a potion of attraction
* * * LOW HITPOINT WARNING * * *
You feel sick.
Okay, then.
As you read the scroll labelled MONWIPS YXZAL, it crumbles to dust.
You assume a fearsome visage.
The rat looks frightened!
The endoplasm looks frightened!
The endoplasm quivers.
The adder looks frightened!
It was a scroll of fear.
You die...

##. ..# ...
... #######..
..
#ยง....#.#..
#...........#.
#.....r..?...
#.......S...#
###########@#
#?# ... .....
.......
.........
........J.#
...).......#


You could see an adder (fleeing), an endoplasm (fleeing) and a rat (fleeing).

Vanquished Creatures
  A dart slug (D:1)
  2 bats (D:1)
  3 endoplasms (D:1)
  4 goblins (D:1)
  2 hobgoblins (D:1)
  2 jackals (D:1)
  A quokka (D:1)
  4 ball pythons
  A frilled lizard (D:1)
  3 kobolds (D:1)
  A rat (D:1)
24 creatures vanquished.

Notes
Turn   | Place    | Note
-------+----------+-------------------------------------------
     0 | D:1      | oldriver the Vine Stalker Arcane Marksman began the quest
                  | for the Orb.
     0 | D:1      | Reached XP level 1. HP: 9/9 MP: 3/3
   125 | D:1      | Reached skill level 1 in Fighting
   546 | D:1      | Reached XP level 2. HP: 11/14 MP: 2/4
   641 | D:1      | Reached skill level 1 in Stealth
  1171 | D:1      | Reached XP level 3. HP: 18/18 MP: 3/5
  1520 | D:2      | Found a faded altar of an unknown god.
  1535 | D:3      | Succumbed to an adder's poison

Illustrated notes

Levels and vault maps discovered:
D:1:      erik_arrival_cave_to_civilisation [erik_arrival_cave_to_hall],
          layout_basic, dreamdust_princess_bridge, minivault_26
D:2:      layout_rooms, serial_shops, shop, nicolae_ecumenical_snake_handling,
          nrook_mini_backslash
D:3:      layout_basic, mainiacjoe_overflow_tiny_flanked, dreamdust_wishing_well

Skill      XL: |  1  2 |
---------------+-------+-----
Fighting       | 1 |  1.4
Bows           | 2 |  2.6
Stealth        | 1 |  1.5
Dodging        | |  1.5
Spellcasting   | |  1.1
Hexes          | |  3.0

Action                   || total
-------------------------++-------
 Fire: Shortbow          ||   110
 Cast: Slow              ||    13
  Use: Scroll            ||     3
Armor: Robe              ||    32
Dodge: Dodged            ||    68

Table legend: (Time is in decaauts)
 A = Elapsed time spent in this place.
 B = Non-inter-level travel time spent in this place.
 C = Inter-level travel time spent in this place.
 D = Time resting spent in this place.
 E = Time spent auto-exploring this place.
 F = Levels seen in this place.
 G = Mean time per level.
                   A        B        C        D        E       F      G
               +--------+--------+--------+--------+--------+-----+--------+
         Total |   1577 |   1560 |     17 |    269 |   1022 |   3 |  525.7 |
       Dungeon |   1577 |   1560 |     17 |    269 |   1022 |   3 |  525.7 |
               +--------+--------+--------+--------+--------+-----+--------+

Top non-repeatable levels by time:
     D:1: 1539 daAuts
     D:2: 28 daAuts
     D:3: 9 daAuts
